[ AOE2 MATCH · #487390797 ]
UnrankedSlavs vs Incas
[ REPLAY ANALYSIS · EXTRACTED FROM THE RECORDED GAME ]
Feudal
11:01
Castle
14:35
Imperial
—
| APM avg | 52.2 |
| APM peak | 95 |
| eAPM avg | 22.5 |
| Villagers / military | 110 / 21 |
Focus
⚔️ 27.4% · 🌾 72.6%
Knight ×9 · Monk ×7 · Battering Ram ×3 · Mangonel ×2
Feudal
10:33
Castle
14:05
Imperial
—
| APM avg | 48.6 |
| APM peak | 87 |
| eAPM avg | 30.0 |
| Villagers / military | 91 / 33 |
Focus
⚔️ 43.9% · 🌾 56.1%
Steppe Lancer ×27 · Monk ×3 · Battering Ram ×2 · Unknown (1911) ×2 · Iron Pagoda ×1
Feudal
9:42
Castle
27:32
Imperial
—
| APM avg | 31.9 |
| APM peak | 65 |
| eAPM avg | 15.6 |
| Villagers / military | 55 / 19 |
Focus
⚔️ 17.5% · 🌾 82.5%
Spearman ×19 · Unknown (2550) ×8
Feudal
10:59
Castle
14:38
Imperial
19:47
| APM avg | 34.7 |
| APM peak | 70 |
| eAPM avg | 14.2 |
| Villagers / military | 51 / 0 |
Focus
⚔️ 20.6% · 🌾 79.4%
Unknown (1942) ×14 · Unknown (1959) ×13
Match map
Initial resources + every placement click. Lines = walls · curves = elevation contours. ◆ gold · ⬟ stone · ● berries · ✦ relic · ◌ wall gap
Your base· ✓ Closed at 14:35 · 0t walls · 3 gate(s)
TAG_Sitaux's base· ✓ Closed at 14:05 · 0t walls · 2 gate(s)
Jenky's base· ✓ Closed at 27:32 · 0t walls · 2 gate(s)
Sir_Ragealot's base· ✓ Closed at 14:38 · 0t walls · 3 gate(s)
Smoothed initial terrain · ◌ = detected wall gap · hover for details
Inputs per minute
— Smiley - - TAG_Sitaux
Build order — Smiley
First 150 of 233 actions detected
| 0:01 | Create | Villager (Male) |
| 0:01 | Create | Villager (Male) |
| 0:02 | Build | House |
| 0:05 | Build | House |
| 0:09 | Create | Villager (Male) |
| 0:09 | Create | Villager (Male) |
| 1:32 | Create | Villager (Male) |
| 1:44 | Build | Lumber Camp |
| 2:10 | Create | Villager (Male) |
| 2:11 | Create | Villager (Male) |
| 2:40 | Create | Villager (Male) |
| 2:45 | Build | House |
| 2:46 | Build | House |
| 3:23 | Create | Villager (Male) |
| 3:38 | Create | Villager (Male) |
| 4:12 | Create | Villager (Male) |
| 4:12 | Create | Villager (Male) |
| 4:48 | Build | Mill |
| 4:54 | Create | Villager (Male) |
| 4:55 | Create | Villager (Male) |
| 4:55 | Create | Villager (Male) |
| 5:51 | Build | Farm |
| 6:01 | Create | Villager (Male) |
| 6:02 | Create | Villager (Male) |
| 6:31 | Build | Farm |
| 6:42 | Create | Villager (Male) |
| 7:04 | Create | Villager (Male) |
| 7:04 | Create | Villager (Male) |
| 7:51 | Build | Farm |
| 8:00 | Create | Villager (Male) |
| 8:19 | Build | House |
| 8:35 | Research | Feudal Age |
| 8:57 | Create | Villager (Male) |
| 9:24 | Build | Mining Camp |
| 11:01 | Age | Feudal Age |
| 11:03 | Build | Market |
| 11:09 | Create | Villager (Male) |
| 11:18 | Build | Blacksmith |
| 11:55 | Research | Castle Age |
| 12:00 | Build | House |
| 12:19 | Create | Villager (Male) |
| 13:47 | Build | House |
| 14:02 | Research | Double-Bit Axe |
| 14:03 | Research | Horse Collar |
| 14:35 | Age | Castle Age |
| 14:43 | Build | Town Center |
| 14:45 | Create | Villager (Male) |
| 14:53 | Build | Farm |
| 15:04 | Create | Villager (Male) |
| 15:27 | Create | Villager (Male) |
| 15:30 | Create | Villager (Male) |
| 15:33 | Build | Town Center |
| 15:43 | Create | Villager (Male) |
| 15:55 | Create | Villager (Male) |
| 15:55 | Create | Villager (Male) |
| 16:02 | Create | Villager (Male) |
| 16:02 | Create | Villager (Male) |
| 16:10 | Create | Villager (Male) |
| 16:10 | Create | Villager (Male) |
| 16:17 | Create | Villager (Male) |
| 16:27 | Create | Villager (Male) |
| 16:29 | Build | Farm |
| 16:30 | Create | Villager (Male) |
| 16:31 | Build | Farm |
| 16:33 | Create | Villager (Male) |
| 16:39 | Create | Villager (Male) |
| 16:49 | Build | Monastery |
| 16:52 | Create | Villager (Male) |
| 16:54 | Create | Villager (Male) |
| 17:01 | Create | Villager (Male) |
| 17:06 | Create | Villager (Male) |
| 17:09 | Build | Farm |
| 17:10 | Create | Villager (Male) |
| 17:16 | Create | Villager (Male) |
| 17:16 | Create | Villager (Male) |
| 17:20 | Create | Villager (Male) |
| 17:26 | Build | Farm |
| 17:30 | Create | Villager (Male) |
| 17:36 | Create | Monk |
| 17:37 | Create | Monk |
| 17:39 | Create | Villager (Male) |
| 17:50 | Build | Farm |
| 17:55 | Build | Farm |
| 17:57 | Create | Villager (Male) |
| 18:11 | Build | Farm |
| 18:15 | Build | Farm |
| 18:20 | Create | Monk |
| 18:21 | Create | Villager (Male) |
| 18:23 | Build | Farm |
| 18:27 | Build | Farm |
| 18:35 | Create | Villager (Male) |
| 18:38 | Build | Farm |
| 18:40 | Build | House |
| 18:44 | Create | Monk |
| 18:53 | Create | Monk |
| 18:56 | Research | Gold Mining |
| 18:59 | Build | Farm |
| 19:17 | Create | Villager (Male) |
| 19:17 | Create | Villager (Male) |
| 19:26 | Create | Villager (Male) |
| 19:26 | Create | Villager (Male) |
| 19:33 | Build | Farm |
| 19:34 | Build | Farm |
| 19:34 | Build | Farm |
| 19:44 | Create | Villager (Male) |
| 19:44 | Create | Villager (Male) |
| 19:45 | Create | Villager (Male) |
| 19:49 | Build | House |
| 19:53 | Build | House |
| 19:54 | Build | House |
| 19:55 | Build | House |
| 19:56 | Create | Villager (Male) |
| 19:57 | Create | Villager (Male) |
| 20:12 | Build | Barracks |
| 20:19 | Create | Villager (Male) |
| 20:20 | Create | Villager (Male) |
| 20:20 | Create | Villager (Male) |
| 20:23 | Build | Outpost |
| 20:26 | Build | Farm |
| 20:28 | Build | Farm |
| 20:30 | Build | Farm |
| 20:30 | Build | Farm |
| 20:31 | Build | Farm |
| 20:36 | Build | Town Center |
| 20:38 | Build | House |
| 20:39 | Build | House |
| 20:58 | Create | Monk |
| 21:07 | Create | Villager (Male) |
| 21:09 | Build | Stable |
| 21:12 | Research | Scale Barding Armor |
| 21:12 | Research | Forging |
| 21:14 | Create | Villager (Male) |
| 21:18 | Build | Lumber Camp |
| 21:22 | Create | Villager (Male) |
| 21:22 | Create | Villager (Male) |
| 21:52 | Create | Villager (Male) |
| 21:53 | Create | Villager (Male) |
| 21:53 | Create | Villager (Male) |
| 22:21 | Create | Villager (Male) |
| 22:21 | Create | Villager (Male) |
| 22:21 | Create | Villager (Male) |
| 22:31 | Create | Villager (Male) |
| 22:31 | Create | Villager (Male) |
| 22:33 | Build | House |
| 22:34 | Build | House |
| 22:37 | Build | Mining Camp |
| 22:40 | Create | Knight |
| 22:40 | Create | Knight |
| 22:54 | Create | Villager (Male) |
| 22:54 | Create | Villager (Male) |
Build order — TAG_Sitaux
First 150 of 234 actions detected
| 0:01 | Create | Villager (Male) |
| 0:01 | Create | Villager (Male) |
| 0:02 | Build | House |
| 0:02 | Build | House |
| 0:18 | Create | Villager (Male) |
| 0:19 | Create | Villager (Male) |
| 1:42 | Create | Villager (Male) |
| 2:02 | Create | Villager (Male) |
| 2:02 | Create | Villager (Male) |
| 2:21 | Build | Lumber Camp |
| 2:28 | Create | Villager (Male) |
| 2:59 | Create | Villager (Male) |
| 3:12 | Create | Villager (Male) |
| 3:30 | Create | Villager (Male) |
| 4:02 | Create | Villager (Male) |
| 4:06 | Build | House |
| 4:08 | Build | House |
| 4:14 | Build | House |
| 4:21 | Create | Villager (Male) |
| 5:02 | Create | Villager (Male) |
| 5:06 | Build | House |
| 5:25 | Create | Villager (Male) |
| 5:50 | Create | Villager (Male) |
| 6:23 | Create | Villager (Male) |
| 6:24 | Create | Villager (Male) |
| 6:24 | Create | Villager (Male) |
| 6:25 | Create | Villager (Male) |
| 6:47 | Build | Mill |
| 7:55 | Research | Feudal Age |
| 7:57 | Create | Villager (Male) |
| 7:58 | Research | Feudal Age |
| 8:06 | Build | Mining Camp |
| 9:48 | Create | Villager (Male) |
| 9:48 | Create | Villager (Male) |
| 10:33 | Age | Feudal Age |
| 10:34 | Build | Market |
| 10:35 | Build | Blacksmith |
| 11:01 | Research | Double-Bit Axe |
| 11:01 | Research | Double-Bit Axe |
| 11:13 | Build | House |
| 11:25 | Research | Castle Age |
| 11:29 | Research | Horse Collar |
| 12:29 | Build | Farm |
| 12:31 | Build | Farm |
| 12:34 | Build | Farm |
| 13:22 | Create | Villager (Male) |
| 14:05 | Age | Castle Age |
| 14:07 | Build | Town Center |
| 14:11 | Build | Town Center |
| 14:20 | Create | Villager (Male) |
| 14:44 | Research | Bow Saw |
| 14:44 | Research | Bow Saw |
| 14:51 | Create | Villager (Male) |
| 15:10 | Create | Villager (Male) |
| 15:14 | Build | House |
| 15:15 | Build | Palisade Wall |
| 15:16 | Build | Palisade Wall |
| 15:17 | Build | Palisade Wall |
| 15:19 | Build | Palisade Wall |
| 15:20 | Create | Villager (Male) |
| 15:23 | Create | Villager (Male) |
| 15:26 | Create | Villager (Male) |
| 15:29 | Create | Villager (Male) |
| 15:29 | Create | Villager (Male) |
| 15:33 | Create | Villager (Male) |
| 15:39 | Create | Villager (Male) |
| 15:40 | Build | Farm |
| 15:42 | Build | Farm |
| 15:43 | Create | Villager (Male) |
| 15:47 | Build | Farm |
| 16:01 | Build | Farm |
| 16:02 | Build | Farm |
| 16:08 | Build | Farm |
| 16:16 | Create | Villager (Male) |
| 16:16 | Create | Villager (Male) |
| 16:19 | Build | House |
| 16:23 | Build | Farm |
| 16:28 | Build | Farm |
| 16:32 | Create | Villager (Male) |
| 16:55 | Build | Monastery |
| 16:56 | Create | Villager (Male) |
| 16:58 | Build | House |
| 16:59 | Build | House |
| 17:03 | Create | Villager (Male) |
| 17:08 | Create | Villager (Male) |
| 17:08 | Create | Villager (Male) |
| 17:08 | Create | Villager (Male) |
| 17:10 | Build | Farm |
| 17:11 | Build | Farm |
| 17:14 | Build | Farm |
| 17:19 | Create | Villager (Male) |
| 17:24 | Build | Farm |
| 17:25 | Create | Villager (Male) |
| 17:40 | Create | Monk |
| 17:41 | Build | Farm |
| 17:42 | Create | Villager (Male) |
| 17:43 | Build | Farm |
| 17:49 | Build | Farm |
| 17:51 | Build | Farm |
| 18:01 | Create | Villager (Male) |
| 18:03 | Build | Farm |
| 18:04 | Create | Villager (Male) |
| 18:04 | Create | Villager (Male) |
| 18:05 | Build | Farm |
| 18:09 | Build | Farm |
| 18:11 | Create | Villager (Male) |
| 18:11 | Create | Villager (Male) |
| 18:22 | Create | Monk |
| 18:23 | Create | Villager (Male) |
| 18:28 | Create | Villager (Male) |
| 18:35 | Build | Siege Workshop |
| 18:38 | Create | Villager (Male) |
| 18:50 | Create | Villager (Male) |
| 19:03 | Create | Villager (Male) |
| 19:03 | Create | Villager (Male) |
| 19:12 | Create | Iron Pagoda |
| 19:14 | Create | Villager (Male) |
| 19:14 | Create | Villager (Male) |
| 19:18 | Build | House |
| 19:18 | Build | House |
| 19:19 | Build | House |
| 19:20 | Build | House |
| 19:20 | Build | House |
| 19:24 | Research | Town Watch |
| 19:30 | Create | Villager (Male) |
| 19:30 | Create | Villager (Male) |
| 19:43 | Create | Villager (Male) |
| 19:46 | Build | Mining Camp |
| 19:46 | Create | Villager (Male) |
| 19:49 | Create | Villager (Male) |
| 19:51 | Build | Farm |
| 19:59 | Build | Barracks |
| 20:09 | Create | Villager (Male) |
| 20:15 | Build | Mining Camp |
| 20:21 | Research | Wheelbarrow |
| 20:25 | Create | Monk |
| 20:27 | Create | Villager (Male) |
| 20:33 | Create | Villager (Male) |
| 20:36 | Build | Stable |
| 20:44 | Create | Villager (Male) |
| 20:44 | Create | Villager (Male) |
| 20:55 | Build | Stable |
| 21:15 | Create | Villager (Male) |
| 21:16 | Build | Stable |
| 21:21 | Research | Scale Barding Armor |
| 21:24 | Create | Villager (Male) |
| 21:34 | Research | Gold Mining |
| 21:34 | Research | Gold Mining |
| 21:38 | Research | Loom |
| 21:52 | Build | Lumber Camp |
Build order — Jenky
133 actions detected in the replay
| 0:02 | Create | Villager (Male) |
| 0:02 | Create | Villager (Male) |
| 0:03 | Build | House |
| 0:04 | Build | House |
| 0:19 | Create | Villager (Male) |
| 0:19 | Create | Villager (Male) |
| 1:26 | Create | Villager (Male) |
| 2:01 | Create | Villager (Male) |
| 2:14 | Build | Settlement |
| 2:16 | Create | Villager (Male) |
| 2:16 | Create | Villager (Male) |
| 2:43 | Create | Villager (Male) |
| 2:59 | Create | Villager (Male) |
| 3:34 | Create | Villager (Male) |
| 3:34 | Create | Villager (Male) |
| 4:26 | Create | Villager (Male) |
| 4:27 | Create | Villager (Male) |
| 5:22 | Create | Villager (Male) |
| 5:42 | Create | Villager (Male) |
| 5:56 | Build | Settlement |
| 6:06 | Create | Villager (Male) |
| 6:24 | Create | Villager (Male) |
| 7:07 | Create | Villager (Male) |
| 7:13 | Build | Settlement |
| 7:24 | Research | Feudal Age |
| 8:07 | Create | Villager (Male) |
| 8:51 | Research | Loom |
| 8:52 | Create | Villager (Male) |
| 8:52 | Create | Villager (Male) |
| 9:00 | Build | Barracks |
| 9:42 | Age | Feudal Age |
| 9:52 | Build | House |
| 9:58 | Create | Spearman |
| 9:59 | Create | Spearman |
| 10:00 | Create | Villager (Male) |
| 10:09 | Create | Villager (Male) |
| 10:09 | Create | Villager (Male) |
| 10:10 | Create | Villager (Male) |
| 10:10 | Create | Villager (Male) |
| 10:23 | Create | Spearman |
| 10:43 | Create | Spearman |
| 10:46 | Build | House |
| 11:22 | Research | Town Watch |
| 11:30 | Research | Horse Collar |
| 12:18 | Build | Farm |
| 12:20 | Build | Farm |
| 12:21 | Build | Farm |
| 12:22 | Build | Farm |
| 12:23 | Build | Farm |
| 12:25 | Build | Farm |
| 12:33 | Create | Villager (Male) |
| 12:33 | Create | Villager (Male) |
| 12:42 | Build | Farm |
| 12:44 | Create | Villager (Male) |
| 12:44 | Create | Villager (Male) |
| 13:20 | Build | Outpost |
| 13:38 | Create | Spearman |
| 13:39 | Create | Villager (Male) |
| 13:42 | Build | Farm |
| 14:14 | Build | Outpost |
| 14:17 | Build | Farm |
| 14:22 | Create | Villager (Male) |
| 14:45 | Build | Farm |
| 15:07 | Create | Villager (Male) |
| 15:07 | Create | Villager (Male) |
| 15:09 | Build | Market |
| 15:12 | Build | Farm |
| 15:46 | Build | Outpost |
| 15:57 | Create | Villager (Male) |
| 16:01 | Build | Farm |
| 16:17 | Create | Villager (Male) |
| 17:00 | Build | Farm |
| 17:03 | Build | Farm |
| 17:04 | Create | Villager (Male) |
| 17:12 | Create | Villager (Male) |
| 17:12 | Create | Villager (Male) |
| 17:19 | Build | Outpost |
| 17:55 | Create | Villager (Male) |
| 18:06 | Build | Outpost |
| 18:23 | Build | Outpost |
| 18:25 | Create | Villager (Male) |
| 18:40 | Build | Settlement |
| 18:52 | Create | Villager (Male) |
| 19:25 | Create | Villager (Male) |
| 19:28 | Build | Farm |
| 19:30 | Build | Farm |
| 19:33 | Create | Villager (Male) |
| 20:14 | Create | Villager (Male) |
| 20:18 | Build | Farm |
| 20:39 | Create | Villager (Male) |
| 20:51 | Research | Tech 1402 |
| 20:56 | Build | Barracks |
| 21:10 | Create | Villager (Male) |
| 21:35 | Create | Villager (Male) |
| 21:53 | Create | Unit 2550 |
| 21:54 | Create | Unit 2550 |
| 21:58 | Build | Blacksmith |
| 22:04 | Create | Unit 2550 |
| 22:04 | Create | Unit 2550 |
| 22:04 | Create | Unit 2550 |
| 22:04 | Create | Unit 2550 |
| 22:06 | Create | Villager (Male) |
| 22:08 | Build | Farm |
| 22:10 | Build | Farm |
| 22:36 | Create | Villager (Male) |
| 22:39 | Build | Farm |
| 22:41 | Build | Farm |
| 22:46 | Create | Unit 2550 |
| 22:46 | Create | Unit 2550 |
| 22:53 | Build | House |
| 23:06 | Create | Villager (Male) |
| 23:07 | Create | Villager (Male) |
| 24:52 | Research | Castle Age |
| 24:55 | Research | Double-Bit Axe |
| 25:03 | Create | Spearman |
| 25:04 | Create | Spearman |
| 25:04 | Create | Spearman |
| 25:04 | Create | Spearman |
| 25:04 | Create | Spearman |
| 25:23 | Create | Spearman |
| 25:23 | Create | Spearman |
| 25:24 | Research | Scale Mail Armor |
| 25:53 | Create | Spearman |
| 25:53 | Create | Spearman |
| 26:41 | Create | Spearman |
| 26:41 | Create | Spearman |
| 26:52 | Create | Villager (Male) |
| 26:53 | Create | Villager (Male) |
| 27:17 | Create | Spearman |
| 27:18 | Create | Spearman |
| 27:18 | Create | Spearman |
| 27:32 | Age | Castle Age |
| 27:37 | Research | Pikeman (upgrade) |
Build order — Sir_Ragealot
125 actions detected in the replay
| 0:01 | Create | Villager (Male) ×4 |
| 0:04 | Build | House |
| 0:07 | Build | House |
| 1:25 | Create | Villager (Male) |
| 1:25 | Create | Villager (Male) |
| 1:57 | Build | Lumber Camp |
| 1:59 | Create | Villager (Male) |
| 1:59 | Create | Villager (Male) |
| 2:26 | Create | Villager (Male) |
| 2:26 | Create | Villager (Male) |
| 2:57 | Create | Villager (Male) |
| 3:01 | Build | House |
| 3:01 | Build | House |
| 3:10 | Create | Villager (Male) |
| 3:10 | Create | Villager (Male) |
| 3:37 | Create | Villager (Male) |
| 3:37 | Create | Villager (Male) |
| 3:44 | Create | Villager (Male) |
| 3:44 | Create | Villager (Male) |
| 4:15 | Create | Villager (Male) |
| 4:25 | Create | Villager (Male) |
| 4:49 | Create | Villager (Male) |
| 4:49 | Create | Villager (Male) |
| 5:00 | Build | Mill |
| 5:35 | Create | Villager (Male) |
| 5:35 | Create | Villager (Male) |
| 6:00 | Create | Villager (Male) |
| 6:00 | Create | Villager (Male) |
| 6:31 | Create | Villager (Male) |
| 6:51 | Create | Villager (Male) |
| 7:13 | Create | Villager (Male) |
| 7:37 | Build | Lumber Camp |
| 8:02 | Create | Villager (Male) |
| 8:18 | Create | Villager (Male) |
| 8:49 | Research | Feudal Age |
| 8:53 | Build | House |
| 8:53 | Build | House |
| 9:29 | Build | Mining Camp |
| 9:32 | Build | Mining Camp |
| 10:41 | Create | Villager (Male) |
| 10:41 | Create | Villager (Male) |
| 10:59 | Age | Feudal Age |
| 11:01 | Build | Market |
| 11:07 | Build | Blacksmith |
| 11:58 | Research | Castle Age |
| 11:59 | Research | Castle Age |
| 12:02 | Research | Double-Bit Axe |
| 12:34 | Research | Loom |
| 12:50 | Create | Villager (Male) |
| 14:38 | Age | Castle Age |
| 14:43 | Build | Castle |
| 14:46 | Build | Mining Camp |
| 15:07 | Create | Villager (Male) |
| 15:07 | Create | Villager (Male) |
| 16:37 | Research | Imperial Age |
| 17:00 | Build | Outpost |
| 17:06 | Build | Outpost |
| 17:23 | Research | Gold Mining |
| 18:02 | Build | Siege Workshop |
| 18:02 | Build | Siege Workshop |
| 18:29 | Research | Wheelbarrow |
| 18:29 | Create | Villager (Male) |
| 18:41 | Research | Bow Saw |
| 19:07 | Create | Villager (Male) |
| 19:38 | Create | Villager (Male) |
| 19:38 | Create | Villager (Male) |
| 19:47 | Age | Imperial Age |
| 19:49 | Create | Unit 1942 |
| 19:49 | Create | Unit 1942 |
| 19:50 | Create | Unit 1942 |
| 19:54 | Build | Siege Workshop |
| 19:56 | Create | Villager (Male) |
| 20:27 | Create | Villager (Male) |
| 20:31 | Create | Unit 1942 |
| 20:32 | Create | Unit 1942 |
| 20:54 | Create | Unit 1942 |
| 20:54 | Create | Unit 1942 |
| 21:08 | Research | Wheelbarrow |
| 21:09 | Create | Villager (Male) |
| 21:37 | Create | Unit 1942 |
| 21:43 | Create | Villager (Male) |
| 21:56 | Build | Farm |
| 21:57 | Build | Farm |
| 21:57 | Build | Farm |
| 23:04 | Create | Villager (Male) |
| 23:04 | Create | Villager (Male) |
| 23:06 | Build | Farm |
| 23:07 | Build | Farm |
| 23:07 | Build | Farm |
| 23:07 | Build | Farm |
| 23:07 | Build | Farm |
| 23:08 | Build | Farm |
| 23:30 | Create | Villager (Male) |
| 23:30 | Create | Villager (Male) |
| 23:43 | Create | Unit 1942 |
| 23:43 | Create | Unit 1942 |
| 23:43 | Create | Unit 1942 |
| 24:07 | Build | Castle |
| 24:28 | Create | Unit 1959 |
| 24:28 | Create | Unit 1959 |
| 24:29 | Create | Unit 1959 |
| 24:49 | Create | Unit 1942 |
| 24:51 | Create | Villager (Male) |
| 24:52 | Create | Villager (Male) |
| 24:56 | Build | Lumber Camp |
| 25:16 | Create | Unit 1959 |
| 25:17 | Create | Unit 1959 |
| 25:35 | Create | Unit 1959 |
| 25:36 | Create | Unit 1959 |
| 25:36 | Create | Unit 1959 |
| 25:48 | Create | Unit 1942 |
| 25:48 | Create | Unit 1942 |
| 25:54 | Build | Farm |
| 25:57 | Create | Villager (Male) |
| 25:57 | Create | Villager (Male) |
| 26:13 | Create | Unit 1959 |
| 26:13 | Create | Unit 1959 |
| 26:14 | Create | Unit 1959 |
| 26:27 | Build | Farm |
| 26:27 | Build | Farm |
| 26:27 | Build | Farm |
| 26:28 | Build | Farm |
| 26:51 | Create | Unit 1959 |
| 26:51 | Create | Unit 1959 |
| 26:59 | Build | Castle |
Match timeline
| 9:00 | Jenky · first_building Barracks |
| 9:42 | Jenky · age_up feudal |
| 10:33 | TAG_Sitaux · age_up feudal |
| 10:59 | Sir_Ragealot · age_up feudal |
| 11:01 | Smiley · age_up feudal |
| 11:57 | Sir_Ragealot · first_market_sell 100 wood |
| 13:53 | TAG_Sitaux · first_market_buy 100 food |
| 14:05 | TAG_Sitaux · age_up castle |
| 14:35 | Smiley · age_up castle |
| 14:38 | Sir_Ragealot · age_up castle |
| 14:43 | Sir_Ragealot · first_building Castle |
| 15:15 | TAG_Sitaux · wall_segment Palisade Wall x1 |
| 15:16 | TAG_Sitaux · wall_segment Palisade Wall x1 |
| 15:17 | TAG_Sitaux · wall_segment Palisade Wall x1 |
| 15:19 | TAG_Sitaux · wall_segment Palisade Wall x2 |
| 15:27 | Sir_Ragealot · first_market_buy 100 food |
| 15:55 | Jenky · tribute_sent a jugador 1 |
| 15:55 | Jenky · tribute_sent a jugador 3 |
| 15:55 | Jenky · tribute_sent a jugador 4 |
| 16:10 | Jenky · first_market_sell 100 stone |
| 16:15 | Jenky · tribute_sent a jugador 1 |
| 16:15 | Jenky · tribute_sent a jugador 3 |
| 16:15 | Jenky · tribute_sent a jugador 4 |
| 16:36 | Jenky · tribute_sent a jugador 1 |
| 16:36 | Jenky · tribute_sent a jugador 3 |
| 16:36 | Jenky · tribute_sent a jugador 4 |
| 16:49 | Smiley · first_building Monastery |
| 16:55 | TAG_Sitaux · first_building Monastery |
| 17:53 | Jenky · tribute_sent a jugador 1 |
| 17:53 | Jenky · tribute_sent a jugador 3 |
| 17:53 | Jenky · tribute_sent a jugador 4 |
| 18:02 | Sir_Ragealot · first_building Siege Workshop |
| 18:35 | TAG_Sitaux · first_building Siege Workshop |
| 19:11 | TAG_Sitaux · first_market_sell 100 wood |
| 19:36 | Smiley · first_market_buy 100 stone |
| 19:42 | Jenky · tribute_sent a jugador 1 |
| 19:42 | Jenky · tribute_sent a jugador 3 |
| 19:42 | Jenky · tribute_sent a jugador 4 |
| 19:47 | Sir_Ragealot · age_up imperial |
| 19:59 | TAG_Sitaux · first_building Barracks |
| 20:12 | Smiley · first_building Barracks |
| 20:36 | TAG_Sitaux · first_building Stable |
| 21:09 | Smiley · first_building Stable |
| 22:58 | Jenky · first_market_buy 100 food |
| 23:04 | Jenky · tribute_sent a jugador 1 |
| 23:04 | Jenky · tribute_sent a jugador 3 |
| 23:04 | Jenky · tribute_sent a jugador 4 |
| 23:20 | Smiley · first_building Siege Workshop |
| 23:54 | Jenky · tribute_sent a jugador 1 |
| 23:54 | Jenky · tribute_sent a jugador 3 |
| 23:54 | Jenky · tribute_sent a jugador 4 |
| 26:35 | TAG_Sitaux · first_building Archery Range |
| 27:32 | Jenky · age_up castle |
| 27:35 | Sir_Ragealot · resign |
[ AI ANALYSIS · 1 CREDIT ]
What really happened in this match?
Wolo.gg analyzes every decision: build order, eco, micro, common mistakes by bracket. Personalized analysis on WhatsApp or Discord in 30 seconds.
Civ guide
Slavs
Perfil
Smiley